Map: Catalyst LE

Players

ABSO

  • Race: Zerg Zerg
  • League: Master
  • Spawn Location: 11:00

AlexUA - Winner!

  • Race: Terran Terran
  • Spawn Location: 5:00

VOD

Have the link to the VOD?

Description

Time

  • Played on: Dec. 1, 2017, 6:07 a.m.
  • Length: 7:10
Show
View Real Time Build Order
Export as new Build Order

ABSO Zerg 

Build Orders: Hatch First 

Get SALT Encoding   

  12  0:01  Drone  
  13  0:12  Overlord  
  13  0:17  Drone  
  14  0:31  Drone x2  
  16  0:38  Drone  
  17  0:52  Hatchery  
  17  0:55  Drone  
  17  0:58  Drone  
  17  1:00  Extractor  
  17  1:14  Spawning Pool  
  16  1:19  Drone  
  16  1:22  Drone  
  18  1:30  Drone  
  19  1:42  Overlord  
  19  1:53  Drone  
  20  2:01  Queen  
  20  2:05  Queen  
  20  2:06  Zergling x4  
  26  2:11  Drone  
  27  2:15  Drone  
  27  2:22  Drone  
  29  2:25  Drone  
  30  2:34  Drone, Metabolic Boost  
  31  2:40  Pneumatized Carapace  
  31  2:42  Queen  
  33  2:58  Hatchery  
  32  2:59  Drone  
  32  3:00  Drone  
  32  3:05  Overlord  
  34  3:09  Drone  
  35  3:14  Drone  
  35  3:15  Overlord  
  36  3:24  Drone x2  
  36  3:25  Drone x2  
  36  3:26  Drone  
  41  3:29  Drone  
  41  3:31  Drone  
  43  3:35  Drone  
  43  3:36  Drone  
  45  3:46  Drone  
  45  3:47  Drone x3  
  50  3:48  Drone x2  
  50  3:50  Drone  
  52  4:02  Overlord  
  52  4:05  Extractor  
  52  4:07  Queen, Extractor  
  52  4:09  Queen, Roach Warren  
  53  4:24  Zergling x16  
  61  4:52  Lair  
  61  5:03  Drone x5  
  61  5:06  Overlord x2  
  66  5:13  Overlord  
  66  5:31  Evolution Chamber x2  
  66  5:32  Drone x5  
  66  5:33  Drone x5  
  66  5:34  Drone x2  
  66  5:35  Drone x3  
  79  6:06  Roach  
  79  6:07  Roach x5, Hydralisk Den  
  79  6:09  Overlord x2  
  79  6:11  Overlord  
  90  6:24  Hatchery  
  89  6:25  Drone  
  89  6:26  Drone, Extractor  
  89  6:28  Overlord x2  
  89  6:30  Hatchery  
  84  6:41  Roach  
  84  6:42  Roach x11  
Show
View Real Time Build Order
Export as new Build Order

AlexUA Terran - Winner!

Build Orders: Mech 

Get SALT Encoding   

  12  0:00  SCV  
  13  0:12  SCV  
  14  0:18  Supply Depot  
  14  0:25  SCV  
  14  0:28  Refinery  
  15  0:39  SCV  
  16  0:45  Barracks  
  16  0:51  SCV  
  17  1:03  SCV  
  18  1:15  SCV  
  19  1:32  Barracks Reactor, Orbital Command  
  19  1:45  Command Center  
  19  1:54  Factory  
  19  1:58  SCV  
  20  2:05  Supply Depot  
  20  2:10  SCV  
  20  2:11  Marine  
  20  2:14  Marine  
  23  2:27  SCV  
  24  2:32  Factory  
  24  2:39  SCV  
  25  2:45  Hellion x2  
  25  2:50  Refinery  
  29  2:51  SCV  
  30  3:00  Orbital Command  
  30  3:03  SCV  
  31  3:07  Hellion, Barracks Tech Lab  
  31  3:11  Hellion  
  35  3:15  SCV  
  36  3:24  Supply Depot  
  36  3:28  SCV x2  
  36  3:33  Siege Tank  
  41  3:40  SCV x2  
  43  3:44  Supply Depot  
  43  3:50  Supply Depot  
  43  3:52  SCV  
  43  3:53  SCV  
  43  3:55  Factory  
  45  4:04  SCV  
  45  4:05  SCV  
  45  4:06  Armory  
  47  4:13  Barracks Reactor  
  47  4:16  SCV  
  48  4:17  SCV  
  48  4:22  Refinery  
  49  4:24  Factory  
  49  4:26  Refinery  
  49  4:28  SCV  
  49  4:29  SCV  
  51  4:37  Supply Depot  
  51  4:40  SCV  
  51  4:41  SCV  
  51  4:42  Factory  
  53  4:52  SCV  
  54  4:53  SCV  
  49  5:01  Hellion x4  
  49  5:04  SCV  
  56  5:07  Infernal Pre-Igniter  
  56  5:08  SCV  
  56  5:09  Barracks Tech Lab  
  57  5:14  Supply Depot  
  57  5:16  SCV  
  57  5:18  Cyclone  
  57  5:19  Hellion  
  63  5:22  Hellion  
  63  5:23  Hellion  
  67  5:33  Cyclone, Hellion  
  72  5:38  Supply Depot  
  72  5:40  Hellion, Supply Depot  
  72  5:42  Siege Tank  
  77  5:44  Hellion x2  
  81  5:50  Cyclone  
  84  6:02  Cyclone  
  84  6:03  Hellbat  
  89  6:05  Hellbat x3  
  95  6:14  Cyclone  
  95  6:15  Supply Depot  
  95  6:18  Supply Depot  
  98  6:23  Hellbat  
  98  6:25  Hellbat  
  102  6:37  Cyclone, Hellbat  
  107  6:44  Hellbat  
  107  6:46  Hellbat  
Tags
 
Composition
Mech
League
Master
Matchup
TvZ
Spawn Locations
Cross Positions
Add a new tag
Caveats
  • Supply blocks, unpowered buildings, or Contaminate may cause inaccurate times.
  • Supply counts are checked every 10 seconds.